 Dungeon Crawl Stone Soup version 0.29.0-11-gd7f09526c8 (webtiles) character file.

Game seed: 15876310006972833482

115 pacmanke6689 the Firebug (level 5, -7/43 HPs)
             Began as a Naga Fire Elementalist on Sept 4, 2022.
             Killed from afar by Ijyb (9 damage)
             ... with a bolt of dispelling energy
             ... on level 3 of the Dungeon.
             The game lasted 00:07:08 (3256 turns).

pacmanke6689 the Firebug (Naga Fire Elementalist)   Turns: 3256, Time: 00:07:09

Health: -7/43      AC:  2    Str: 12    XL:     5   Next: 0%
Magic:  4/8        EV: 10    Int: 16    God:
Gold:   221        SH:  0    Dex: 11    Spells: 6/9 levels left

rFire   . . .      SeeInvis +   c - +0 flail
rCold   . . .      Faith    .   (no shield)
rNeg    . . .      Spirit   .   a - +0 robe
rPois   +          Reflect  .   (no helmet)
rElec   .          Harm     .   (no cloak)
rCorr   .          Rampage  .   (no gloves)
Will    .....                   (no barding)
Stlth   ++........              (no amulet)
HPRegen 0.14/turn               (no ring)
MPRegen 0.11/turn               (no ring)

@: very slow
A: AC +1, large, see invisible, deformed body, poison resistance, slowness 2,
spit poison 1, naga tail 1
a: Spit Poison


You were on level 3 of the Dungeon.
You visited 1 branch of the dungeon, and saw 3 of its levels.

You collected 221 gold pieces.

Inventory:

Hand Weapons
 c - a +0 flail (weapon)
Armour
 a - a +0 robe (worn)
Jewellery
 f - a ring of flight
Wands
 m - a wand of charming (3)
Scrolls
 e - 2 scrolls of poison {unknown}
 h - a scroll of teleportation {unknown}
 k - a scroll of enchant armour {unknown}
Potions
 b - a potion of magic
 d - 2 potions of ambrosia {unknown}
 g - a potion of curing {unknown}
 i - 2 potions of mutation {unknown}
 j - a potion of might {unknown}
 l - 2 potions of resistance {unknown}
 n - a potion of haste {unknown}


   Skills:
 + Level 0.5 Fighting
 + Level 1.3 Maces & Flails
 + Level 2.0 Dodging
 + Level 3.8 Stealth
 + Level 2.6 Spellcasting
 + Level 1.5 Conjurations
 + Level 4.0 Fire Magic


You had 6 spell levels left.
You knew the following spells:

 Your Spells              Type           Power      Damage    Failure   Level
a - Foxfire               Conj/Fire      44%        2x1d6     6%          1
b - Scorch                Fire           28%        2d6       6%          2

Your spell library contained the following spells:

 Spells                   Type           Power      Damage    Failure   Level
 Conjure Flame            Conj/Fire      11%        6-21      19%         3
 Inner Flame              Hex/Fire       8%         N/A       26%         3
 Flame Wave               Conj/Fire      11%        2d6       52%         4


Dungeon Overview and Level Annotations

Branches:
Dungeon (3/15)

Altars:

Annotations:
D:3 Ijyb


Innate Abilities, Weirdness & Mutations

Your serpentine skin is tough. (AC +1)
You have supernaturally acute eyesight. (SInv)
Armour fits poorly on your strangely shaped body.
Your system is resistant to poisons. (rPois)
You cover ground very slowly.
You can spit poison.
You have a snake-like lower body.


Message History

You now have 221 gold pieces (gained 12).
You see here a hobgoblin corpse.
Ijyb the Twisted Goblin comes into view.
She is wielding a +0 dagger and carrying a wand of quicksilver (12).
Ijyb is nearby!
Ijyb shouts!
You barely miss Ijyb. Ijyb hits you with a +0 dagger.
Ijyb completely misses you.
You completely miss Ijyb. Ijyb barely misses you.
You hit Ijyb.
Ijyb is lightly wounded.
Ijyb hits you with a +0 dagger.
You hit Ijyb.
Ijyb is lightly wounded.
Ijyb closely misses you. Ijyb hits you with a +0 dagger.
You barely miss Ijyb.
Ijyb is lightly wounded.
Ijyb hits you with a +0 dagger.
You sock Ijyb!
Ijyb is heavily wounded.
Ijyb zaps a wand.
The bolt of dispelling energy misses you.
You hit Ijyb. You punch Ijyb, but do no damage.
Ijyb is heavily wounded.
Ijyb zaps a wand.
The bolt of dispelling energy misses you.
Ijyb zaps a wand.
The bolt of dispelling energy hits you!
Casting: Scorch (safe; 6% risk of failure)
Press: ? - help, Q - select action, (/) - cycle Dir - look around, f - activate Flames lash Ijyb but do no damage.
Ijyb zaps a wand.
The bolt of dispelling energy hits you!!
Ouch! That really hurt!
* * * LOW HITPOINT WARNING * * *
Casting: Scorch (safe; 6% risk of failure)
Press: ? - help, Q - select action, (/) - cycle Dir - look around, f - activate Flames lash Ijyb.
Ijyb is almost dead.
Ijyb's fire resistance burns away.
Ijyb zaps a wand.
The bolt of dispelling energy hits you!
You die...

#..#.##
##.......
#.####
##.....# #.#
##...## #.#
##'## #.# #.#
#.# #######.#
#.#
##.......###
#.#
#...........
#@#
#..###.....#
#g# #.
####...## #.#
##..#........
#..
..........##.
###
##.#####..# #
#..###
#.#####.....
#...........
#####.##.###


You could see Ijyb (combustible).

Vanquished Creatures
  Terence (D:3)
  A gnoll (D:1)
  2 adders
  A worm (D:2)
  3 dart slugs
  2 orcs (D:3)
  8 endoplasms
  5 giant cockroaches
  A goblin (D:2)
  5 hobgoblins
  A quokka (D:2)
  5 ball pythons
  2 bats (D:1)
  2 frilled lizards (D:1)
  3 kobolds
  7 rats
49 creatures vanquished.

Vanquished Creatures (others)
  35 foxfires
35 creatures vanquished.

Grand Total: 84 creatures vanquished

Notes
Turn   | Place    | Note
-------+----------+-------------------------------------------
     0 | D:1      | pacmanke6689 the Naga Fire Elementalist began the quest for
                  | the Orb.
     0 | D:1      | Reached XP level 1. HP: 15/15 MP: 3/3
    69 | D:1      | Reached XP level 2. HP: 9/22 MP: 0/5
   931 | D:1      | Reached XP level 3. HP: 28/28 MP: 6/6
  1505 | D:2      | Learned a level 2 spell: Scorch
  1803 | D:2      | Reached XP level 4. HP: 30/36 MP: 3/7
  2487 | D:3      | Reached skill level 1 in Maces & Flails
  2622 | D:3      | Noticed Terence
  2632 | D:3      | Killed Terence
  2843 | D:3      | Reached skill level 4 in Fire Magic
  3158 | D:3      | Found a faded altar of an unknown god.
  3218 | D:3      | Reached XP level 5. HP: 41/43 MP: 8/8
  3243 | D:3      | Noticed Ijyb
  3255 | D:3      | HP: 2/43 [Ijyb/bolt of dispelling energy (23)]
  3256 | D:3      | Killed from afar by Ijyb

Illustrated notes

Levels and vault maps discovered:
D:1:      sevenhm_arrival_forest_fort_large_2, layout_basic,
          grunt_decor_resistance
D:2:      layout_loops_ring, hangedman_decor_growths, minmay_misc_feat_diagonals
D:3:      layout_loops_corners, hellmonk_ecumenical_altar_crossroads,
          uniq_terence, uniq_ijyb

Skill      XL: |  1  2  3  4 |
---------------+-------------+-----
Dodging        | 2 |  2.0
Maces & Flails | 1 |  1.3
Fire Magic     | 4 |  4.0
Fighting       | |  0.5
Stealth        | |  3.8
Spellcasting   | |  2.6
Conjurations   | |  1.5

Action                   |  1- 3 |  4- 6 || total
-------------------------+-------+-------++-------
Melee: Flail             |    47 |    56 ||   103
       Punch             |     1 |     1 ||     2
 Cast: Foxfire           |    23 |       ||    23
       Scorch            |     7 |    11 ||    18
 Stab: Sleeping          |     5 |     6 ||    11
Armor: Robe              |     8 |     9 ||    17
Dodge: Dodged            |    36 |    31 ||    67
